Unix NetHack Version 5.0.0-0 post-release - last build Jun 10 2026 00:39:30 (3ee93aec679c4c4259841fe613dc97188e26a321,branch:main).

Game began 2026-07-09 12:16:23, ended 2026-07-09 12:36:53.

BATTLEMODE, chaotic female elven Wizard

                                      -------
                            ------    |....)|
                            |....-####-....{|
                            |....|    |.....|
       ------               |....|    ......|                ---------
       |(%%.|              #...@.|    |......#              #.......<|
       .%[%..    ###########------    -------#              #|.......|
       |?...%#   $         #                 #             ##|...%...|
       |.?[.|#             #                 #             # --+------
       ------##            ##               ##             #
              ###           #               #            ###
                #           ##            ###           ##
                #------------#            #------------ #
                #..>........|#            #|...........##
                 |..........-#            #..*........|
                 |..........|              |..........|
                 |..........|              ------------
                 ------------

BATTLEMODE the Conjurer   St:10 Dx:13 Co:16 In:16 Wi:11 Ch:9  Chaotic
Dlvl:2  $:0  HP:0(22) Pw:21(26) AC:8  Xp:3 T:1290  Satiated Blind

Latest messages:
 You attack thin air.
 You feel an unseen monster!
 You feel an unseen monster!
 You feel an unseen monster!
 You feel an unseen monster!
 It just misses!
 You kill it!
 You feel an unseen monster!
 You feel an unseen monster!
 You feel an unseen monster!
 You attack thin air.
 The door opens.
 You feel an unseen monster!
 You feel an unseen monster!
 Wait!  There's something there you can't see!
 It hisses!
 You kill it!
 Welcome to experience level 3.
 You hear the rumble of distant thunder...
 It bites!
 It misses!
 You feel an unseen monster!
 It bites!
 It bites!
 It bites!
 It bites!
 It bites!
 It misses!
 You feel an unseen monster!
 It bites!
 It bites!
 You kill it!
 Are you sure you want to pray? [yn] (n) y
 You begin praying to Anhur.
 You finish your prayer.
 You feel that Anhur is displeased.
 You climb up the stairs.
 It hits!
 It hits again!
 In what direction? s
 You feel better.
 It hits!
 It hits again!
 You die...
 Upernavik takes all your possessions.
 Do you want to see what you had when you died? [ynq] (y) y
 Do you want to see your attributes? [ynq] (y) y
 Do you want an account of creatures vanquished? [ynaq] (y) y
 Do you want to see your conduct and achievements? [ynq] (y) y
 Do you want to see the dungeon overview? [ynq] (y) y

Inventory:
 Weapons  (')')
  a - a blessed +2 quarterstaff (weapon in hands)
 Armor    ('[')
  b - an uncursed +0 cloak of magic resistance (being worn)
  A - an uncursed +0 leather jacket (being worn)
 Comestibles  ('%')
  D - an uncursed food ration
  z - an uncursed lembas wafer
 Scrolls  ('?')
  y - an uncursed scroll of magic mapping
  C - an uncursed scroll of punishment
  j - an uncursed scroll of remove curse
  B - an uncursed scroll of scare monster
 Spellbooks  ('+')
  t - an uncursed spellbook of create monster
  l - a blessed spellbook of force bolt
  E - an uncursed spellbook of healing
  m - an uncursed spellbook of slow monster
 Potions  ('!')
  g - an uncursed potion of fruit juice
  f - 2 uncursed potions of healing
  u - an uncursed potion of invisibility
  h - an uncursed potion of monster detection
  q - an uncursed potion of water
 Rings    ('=')
  d - an uncursed ring of conflict
  e - an uncursed ring of slow digestion (on right hand)
 Wands    ('/')
  p - a wand of digging (0:1)
  c - a wand of sleep (0:5)
 Tools    ('(')
  o - an uncursed leather drum
  n - a magic marker (0:20)
  v - an uncursed oil lamp
 Gems/Stones  ('*')
  s - an uncursed worthless piece of black glass
 Boulders/Statues  ('`')
  x - an empty uncursed statue of a newt

BATTLEMODE the Wizard's attributes:

Background:
 You were a Conjurer, a level 3 female elven Wizard.
 You were chaotic, on a mission for Anhur
 who was opposed by Ptah (lawful) and Thoth (neutral).
 You were right-handed.
 You were in the Dungeons of Doom, on level 2.
 You entered the dungeon 1290 turns ago.
 You had 44 experience points, 36 more were needed to attain level 4.

Basics:
 You had 0 out of 22 hit points.
 You had 21 out of 26 energy points (spell power).
 Your armor class was 8.
 Your wallet was empty.
 Autopickup was off.

Final Characteristics:
 Your strength was 10 (limit:18).
 Your dexterity was 13 (limit:18).
 Your constitution was 16 (limit:16).
 Your intelligence was 16 (limit:20).
 Your wisdom was 11 (limit:20).
 Your charisma was 9 (limit:18).

Final Status:
 You were temporarily blind.
 You were satiated.
 You were unencumbered.
 You were wielding a quarterstaff.
 You had basic skill with quarterstaff.

Final Attributes:
 You were stridently aligned.
 You were magic-protected.
 You had infravision.
 You had slower digestion.
 You were warded.
 You were unlucky.
 You are dead.

Miscellaneous:
 You didn't encounter any bones levels.
 Total elapsed playing time was 20 minutes.

Major events:
 Turn
    1: BATTLEMODE the chaotic female elven Wizard entered the dungeon
 1206: attained the rank of Conjurer (level 3)
 1290: killed by Ms. Upernavik; the shopkeeper

Spells:
 Name                 Level Category     Fail Retention
 force bolt             1   attack         0%  91%-100%
 slow monster           2   enchantment    0%  91%-100%
 healing                1   healing        0%  76%-100%
 create monster         2   clerical      59%  76%-100%

Skills:
 Fighting Skills
   bare handed combat [Unskilled]
   riding             [Unskilled]
 Weapon Skills
   dagger             [Unskilled]
   knife              [Unskilled]
   axe                [Unskilled]
   short sword        [Unskilled]
   club               [Unskilled]
   mace               [Unskilled]
   quarterstaff       [Basic]
   polearms           [Unskilled]
   spear              [Unskilled]
   trident            [Unskilled]
   sling              [Unskilled]
   dart               [Unskilled]
   shuriken           [Unskilled]
 Spellcasting Skills
   attack spells      [Basic]
   healing spells     [Unskilled]
   divination spells  [Unskilled]
   enchantment spells [Basic]
   clerical spells    [Unskilled]
   escape spells      [Unskilled]
   matter spells      [Unskilled]

Voluntary challenges:
 Character rerolling was not enabled.
 You never genocided any monsters.
 You never polymorphed an object.
 You never changed form.
 You used no wishes.
Achievements:
 You entered a shop.
 You attained the rank of Conjurer.

 The Dungeons of Doom: levels 1 to 3
    Level 1:
       An altar, a fountain.
    Level 2: <- You were here.
       A general store, a fountain.
       Final resting place for
          you, killed by Ms. Upernavik; the shopkeeper.
    Level 3:


Vanquished creatures:
  a kitten
  a green mold
  2 geckos
  8 jackals
  a fox
  a sewer rat
  a grid bug
  3 lichens
  a kobold zombie
  4 newts
23 creatures vanquished.

No species were genocided or became extinct.

Game over:
                       ----------
                      /          \
                     /    REST    \
                    /      IN      \
                   /     PEACE      \
                  /                  \
                  |    BATTLEMODE    |
                  |       0 Au       |
                  |  killed by Ms.   |
                  |  Upernavik; the  |
                  |    shopkeeper    |
                  |                  |
                  |       2026       |
                 *|     *  *  *      | *
        _________)/\\_//(\/(/\)/\//\/|_)_______

Goodbye BATTLEMODE the Wizard...

You died in The Dungeons of Doom on dungeon level 2 with 306 points,
and 0 pieces of gold, after 1290 moves.
You were level 3 with a maximum of 22 hit points when you died.

